 Dungeon Crawl Stone Soup version 0.30-a0-870-gc5d4c5acee (webtiles) character file.

Game seed: 5938655520602266916

26 BigDaddyOpFi the Digger (level 2, -6/14 (15) HPs)
             Began as a Deep Elf Earth Elementalist on Mar 12, 2023.
             Mangled by Terence
             ... wielding the +7 Throatcutter {drain, coup de grace}
              (10 damage)
             ... on level 2 of the Dungeon.
             The game lasted 00:01:20 (904 turns).

BigDaddyOpFi the Digger (DEEE)                       Turns: 904, Time: 00:01:20

HP:   -6/14 (15)    AC:  5    Str:  2 (5)  XL:     2   Next: 89%
MP:   4/8           EV: 17    Int: 18 (19) God:
Gold: 114           SH:  0    Dex: 12 (15) Spells: 6/7 levels left

rFire   . . .      SeeInvis .    f - +3 dagger
rCold   . . .      Faith    .    (no shield)
rNeg    . . .      Spirit   .    a - +0 robe
rPois   .          Reflect  .    (no helmet)
rElec   .          Rampage  .    (no cloak)
rCorr   .                        (no gloves)
Will    .....                    m - +2 pair of boots
Stlth   ++                       (no amulet)
HPRegen 0.22/turn                i - +5 ring of evasion
MPRegen 0.11/turn                (no ring)

@: brilliant, drained
A: no striking features
a: no special abilities


You were on level 2 of the Dungeon.
You visited 1 branch of the dungeon, and saw 2 of its levels.

You collected 114 gold pieces.

Inventory:

Hand Weapons
 c - a +0 dagger of electrocution
 f - a +3 dagger (weapon)
Missiles
 e - a throwing net
Armour
 a - a +0 robe (worn)
 m - a +2 pair of boots (worn)
Jewellery
 i - a +5 ring of evasion (left hand)
Potions
 b - a potion of magic
 h - a potion of brilliance


   Skills:
 + Level 2.8 Dodging
 + Level 2.9 Stealth
 + Level 3.4 Spellcasting
 + Level 1.6 Transmutations
 + Level 3.5 Earth Magic


You had 6 spell levels left.
You knew the following spells:

 Your Spells              Type           Power      Damage    Failure   Level
a - Sandblast             Erth           48%        2d12      3%          1

Your spell library contained the following spells:

 Spells                   Type           Power      Damage    Failure   Level
 Passwall                 Tmut/Erth      15%        N/A       9%          2
 Stone Arrow              Conj/Erth      28%        3d8       22%         3
 Petrify                  Tmut/Erth      18%        N/A       47%         4


Dungeon Overview and Level Annotations

Branches:
Dungeon (2/15)

Altars:

Shops:
D:2 ?

Annotations:
D:2 Terence


Message History

Terence is nearby!
Terence is nearby!
You can't see any susceptible monsters within range! (Use Z to cast anyway.) It was a potion of brilliance.
You feel clever all of a sudden.
It was a potion of degeneration.
There was something very wrong with that liquid.
You feel weakened.
You feel dopey.
You feel clumsy.
Okay, then.
As you read the scroll of fog, it crumbles to dust.
The scroll dissolves into smoke.
Casting: Sandblast (safe; 3% risk of failure)
Confirm with . or Enter, or press ? or * to list all spells.
You don't know that spell.
Casting: Sandblast (safe; 3% risk of failure)
Confirm with . or Enter, or press ? or * to list all spells.
Aiming: Sandblast (safe; 3% risk of failure)
Press: ? - help, Shift-Dir - straight line, f - Terence
Aim: Terence, wielding the +7 Throatcutter {drain, coup de grace}, wearing a +0 scale mail, quivering stones and carrying a wand of roots (4) (black smoke, wandering, hasn't noticed you, 85% to hit)
You feel a surge of power!
The blast of sand hits Terence!
Terence is heavily wounded.
Terence barely misses you.
Casting: Sandblast (safe; 3% risk of failure)
Confirm with . or Enter, or press ? or * to list all spells.
Aiming: Sandblast (safe; 3% risk of failure)
Press: ? - help, Shift-Dir - straight line, f/p - Terence
Aim: Terence, wielding the +7 Throatcutter {drain, coup de grace}, wearing a +0 scale mail, quivering stones and carrying a wand of roots (4) (black smoke, heavily wounded, 85% to hit)
You feel a surge of power!
The blast of sand misses Terence.
Terence hits you with the +7 Throatcutter {drain, coup de grace}.
You feel drained.
* * * LOW HITPOINT WARNING * * *
Casting: Sandblast (safe; 3% risk of failure)
Confirm with . or Enter, or press ? or * to list all spells.
Aiming: Sandblast (safe; 3% risk of failure)
Press: ? - help, Shift-Dir - straight line, f/p - Terence
Aim: Terence, wielding the +7 Throatcutter {drain, coup de grace}, wearing a +0 scale mail, quivering stones and carrying a wand of roots (4) (black smoke, heavily wounded, 85% to hit)
You feel a surge of power!
The blast of sand misses Terence.
Terence hits you with the +7 Throatcutter {drain, coup de grace}!
Ouch! That really hurt!
You die...

######.###.# ..#
#.#
#.####.........
#.# #.#
#...##.........
#.# #.#
###.##[........
#.# #...
#.##.........
..# ###..
#.##.........
###
#.##.##§§§.§....
#.)..##§@§§.....
###...#§@§§..?..
##..#§§§#+####
#...§###
#.#......#
#......###
#.........
#..........
#.....∩....
#..........


You could see Terence.

Vanquished Creatures
  An adder (D:2)
  A worm (D:2)
  2 bats (D:1)
  An endoplasm (D:2)
  2 goblins (D:1)
  2 ball pythons (D:1)
  6 kobolds
  A rat (D:1)
16 creatures vanquished.

Notes
Turn   | Place    | Note
-------+----------+-------------------------------------------
     0 | D:1      | BigDaddyOpFi the Deep Elf Earth Elementalist began the
                  | quest for the Orb.
     0 | D:1      | Reached XP level 1. HP: 10/10 MP: 6/6
   262 | D:1      | Reached XP level 2. HP: 15/15 MP: 6/8
   853 | D:2      | Found Pegocsel's Magic Scroll Shop.
   897 | D:2      | Noticed Terence
   904 | D:2      | Mangled by Terence

Illustrated notes

Levels and vault maps discovered:
D:1:      saegor_arrival_simple_c, layout_basic, chequers_serial_rivers_small_3
D:2:      layout_basic, basic_altar, serial_shops, shop, uniq_terence

Action                     || total
---------------------------++-------
  Melee: Dagger            ||     4
   Cast: Sandblast         ||    24
    Use: Scroll            ||     6
         Potion            ||     2
 Armour: Robe              ||     2
  Dodge: Dodged            ||     7

Table legend: (Time is in decaauts)
 A = Elapsed time spent in this place.
 B = Non-inter-level travel time spent in this place.
 C = Inter-level travel time spent in this place.
 D = Time resting spent in this place.
 E = Time spent auto-exploring this place.
 F = Levels seen in this place.
 G = Mean time per level.
                   A        B        C        D        E       F      G
               +--------+--------+--------+--------+--------+-----+--------+
         Total |    918 |    902 |     16 |      0 |    763 |   2 |  459.0 |
       Dungeon |    918 |    902 |     16 |      0 |    763 |   2 |  459.0 |
               +--------+--------+--------+--------+--------+-----+--------+

Top non-repeatable levels by time:
     D:1: 663 daAuts
     D:2: 255 daAuts
